[Event "EYCC Girls U12 2018"]
[Site "Riga"]
[Date "2018.08.28"]
[Round "8"]
[White "Zvereva, Margarita"]
[Black "Kozachenko, Maria"]
[Result "1/2-1/2"]
[ECO "B92"]
[WhiteElo "1898"]
[BlackElo "1792"]
[Annotator "NA RC"]
[PlyCount "89"]
[EventDate "2018.08.20"]
[EventType "swiss"]
[EventCountry "LAT"]
[SourceTitle "playchess.com"]
[Source "ChessBase"]
[SourceQuality "1"]
[TimeControl "40/5400+30:1800+30"]

1. e4 c5 2. Nf3 d6 3. d4 cxd4 4. Nxd4 Nf6 5. Nc3 a6 6. Be2 e5 7. Nb3 Be7 8. Be3 Be6 9. Nd5 Nxd5 10. exd5 Bf5 11. O-O O-O 12. Qd2 {[%emt 0:02:15] B92: Sizilianisch (Najdorf-Variante mit 6.Le2)} Nd7 (12... Bg6 13. Rac1 a5 14. a4 Nd7 15. Bb5 f5 16. f4 Nf6 17. g3 Ng4 18. c3 Bf6 19. Rce1 {½-½ (36) Mekhitarian,K (2550)-Oparin,G (2617) Abu Dhabi 2016}) 13. c4 b6 14. Rac1 Nc5 $146 ({Vorgänger:} 14... a5 15. f4 a4 16. Na1 exf4 17. Bxf4 Bg6 18. Nc2 Bxc2 19. Rxc2 Nc5 20. Rb1 Bf6 {0-1 (31) Vetoshko,V (2332)-Matviishen,V (2124) Lvov 2014}) 15. Nxc5 bxc5 16. b4 cxb4 17. Qxb4 Qd7 18. Rfd1 Rfc8 19. c5 dxc5 20. Bxc5 Bxc5 21. Rxc5 Rxc5 22. Qxc5 f6 23. d6 Be6 24. Bc4 Bxc4 25. Qxc4+ Kh8 26. Qc7 Rd8 27. Qb6 Qc8 28. h3 h6 29. Kh2 Rd7 30. Rd5 Qc4 31. Rc5 Qf4+ 32. Kg1 e4 33. Rc6 a5 34. Qa6 Kh7 35. Qxa5 Rxd6 36. Rxd6 Qc1+ 37. Rd1 Qxd1+ 38. Kh2 Qe2 39. Qf5+ Kh8 40. a4 e3 41. fxe3 Qxe3 42. Qc8+ $11 Kh7 43. Qc7 f5 44. a5 f4 45. a6 1/2-1/2

[Event "EYCC Girls U12 2018"]
[Site "Riga"]
[Date "2018.08.28"]
[Round "8"]
[White "Tarasenka, Aliaksandra"]
[Black "Bashylina, Luisa"]
[Result "1-0"]
[ECO "A10"]
[WhiteElo "1747"]
[BlackElo "1817"]
[Annotator "NA RC"]
[PlyCount "77"]
[EventDate "2018.08.20"]
[EventType "swiss"]
[EventCountry "LAT"]
[SourceTitle "playchess.com"]
[Source "ChessBase"]
[SourceQuality "1"]
[TimeControl "40/5400+30:1800+30"]

1. c4 d6 2. Nc3 g6 3. g3 Bg7 4. Bg2 Nc6 5. d3 Nf6 6. e4 O-O 7. Nge2 e5 8. O-O Nh5 9. Be3 f5 10. exf5 Bxf5 11. d4 Qc8 12. Nd5 Kh8 13. b4 Nf6 14. b5 Nxd5 15. bxc6 Nxe3 16. cxb7 Nxd1 17. bxc8=Q Raxc8 18. Raxd1 Rb8 19. dxe5 dxe5 20. c5 Rb2 21. Nc3 h6 22. c6 Be6 23. Nd5 Rf7 24. a4 Bf8 25. f4 Bc5+ 26. Kh1 exf4 27. Nxf4 Bf5 28. g4 Bc2 29. Rd8+ Kh7 30. Rd7 Re7 31. Nd5 Rxd7 32. cxd7 Rb8 33. Nxc7 Bd3 34. Rd1 Be7 35. Rxd3 Rb1+ 36. Bf1 Rxf1+ 37. Kg2 Rf7 38. Ne6 Rf6 39. d8=Q 1-0

[Event "EYCC Girls U12 2018"]
[Site "Riga"]
[Date "2018.08.28"]
[Round "8"]
[White "Karmanova, Olga Dm"]
[Black "Alekseenko, Mariya"]
[Result "1-0"]
[ECO "B24"]
[WhiteElo "1730"]
[BlackElo "1750"]
[Annotator "NA RC"]
[PlyCount "95"]
[EventDate "2018.08.20"]
[EventType "swiss"]
[EventCountry "LAT"]
[SourceTitle "playchess.com"]
[Source "ChessBase"]
[SourceQuality "1"]
[TimeControl "40/5400+30:1800+30"]

1. e4 c5 2. Nc3 Nc6 3. Bb5 a6 4. Bxc6 bxc6 5. f4 d6 6. d3 e6 7. Nf3 g6 8. O-O Bg7 9. Be3 Ne7 10. Qe1 O-O 11. Qh4 f5 12. e5 Nd5 13. Qxd8 Rxd8 14. Nxd5 exd5 15. exd6 d4 16. Bf2 Bf6 17. Rfe1 Ra7 18. Nd2 Kf7 19. Nb3 Rxd6 20. Nxc5 Be6 21. Nb3 Bxb3 22. axb3 c5 23. Ra4 Rb7 24. Rea1 Rbb6 25. Be1 Re6 26. Kf2 Be7 27. Ba5 Rbc6 28. g3 h6 29. c3 Bf6 30. Rc4 g5 31. fxg5 Bxg5 32. b4 Be3+ 33. Kf3 cxb4 34. Rxc6 Rxc6 35. Bxb4 Re6 36. Bc5 Rc6 37. cxd4 Bg5 38. Re1 Bf6 39. b4 Rc7 40. d5 Rd7 41. d6 a5 42. bxa5 Bc3 43. Re7+ Rxe7 44. dxe7 Bxa5 45. Kf4 Bd2+ 46. Kxf5 Bg5 47. h4 Bf6 48. d4 1-0

[Event "EYCC Girls U12 2018"]
[Site "Riga"]
[Date "2018.08.28"]
[Round "8"]
[White "Shubenkova, Veronika"]
[Black "Tsirekidze, Barbare"]
[Result "1/2-1/2"]
[ECO "D00"]
[WhiteElo "1700"]
[BlackElo "1413"]
[Annotator "NA RC"]
[PlyCount "62"]
[EventDate "2018.08.20"]
[EventType "swiss"]
[EventCountry "LAT"]
[SourceTitle "playchess.com"]
[Source "ChessBase"]
[SourceQuality "1"]
[TimeControl "40/5400+30:1800+30"]

1. d4 d5 2. e3 Nf6 3. f4 e6 4. Nf3 Be7 5. Bd3 O-O 6. O-O b6 7. Nbd2 Bb7 8. c3 Nbd7 9. Ne5 c5 10. Qe2 Rc8 11. a3 Re8 12. Rf3 Bf8 13. Rh3 g6 14. g4 Nxe5 15. fxe5 Nd7 16. Nf3 c4 17. Bc2 f6 18. Ba4 Bc6 19. Bxc6 Rxc6 20. exf6 Nxf6 21. Ne5 Rc7 22. Bd2 Ne4 23. Rf1 Bg7 24. Nf3 Rf8 25. Be1 Rcf7 26. Nd2 Rxf1+ 27. Nxf1 e5 28. Rf3 Ng5 29. Rxf8+ Qxf8 30. Kg2 e4 31. Nd2 Qf7 1/2-1/2

[Event "EYCC Girls U12 2018"]
[Site "Riga"]
[Date "2018.08.28"]
[Round "8"]
[White "Dakic, Marta"]
[Black "Karacsonyi, Kata"]
[Result "1/2-1/2"]
[ECO "B50"]
[WhiteElo "1614"]
[BlackElo "1961"]
[Annotator "NA RC"]
[PlyCount "110"]
[EventDate "2018.08.20"]
[EventType "swiss"]
[EventCountry "LAT"]
[SourceTitle "playchess.com"]
[Source "ChessBase"]
[SourceQuality "1"]
[TimeControl "40/5400+30:1800+30"]

1. e4 c5 2. Nf3 d6 3. Bc4 Nc6 4. d3 Nf6 5. c3 g6 6. Be3 {[%emt 0:08:06] B50: Sicilian: 2...d6, Miscellaneous} (6. Bb3 Bg7 7. O-O O-O 8. Nbd2 e5 9. Nc4 h6 10. Re1 Be6 11. h3 b5 12. Ne3 Rb8 13. a4 b4 14. Bxe6 fxe6 15. Ng4 Nxg4 16. hxg4 {½-½ (52) Delgado Ramirez,N (2618)-Bologan,V (2648) Baku 2016}) 6... Bg7 7. h3 a6 8. Bb3 b5 9. Nbd2 $146 ({Predecessor:} 9. a3 Bb7 10. Bc2 O-O 11. Qd2 Qb6 12. Bh6 Bxh6 13. Qxh6 {0-1 (44) Mueller,A (1133)-Saar,C (1357) Homburg 2010}) 9... Bb7 10. O-O O-O 11. Re1 Rc8 12. Bc2 a5 13. Nf1 Nd7 14. Rb1 Nb6 15. Qd2 Re8 16. Bh6 Bh8 17. Ne3 d5 18. exd5 Nxd5 19. Nxd5 Qxd5 20. Bb3 Qd7 21. Qe3 a4 22. Bc2 Qd5 23. a3 {[%emt 0:04:53] [#]} Ne5 $1 24. Qe4 Qxe4 25. dxe4 Nxf3+ 26. gxf3 Red8 27. Be3 Be5 28. f4 Bd6 29. Red1 e6 30. Rd2 Kf8 31. Rbd1 Be7 32. Rxd8+ Bxd8 33. Bxc5+ Rxc5 34. Rxd8+ Ke7 35. Rd4 Bc6 36. e5 Bd5 37. Be4 Bxe4 38. Rxe4 Kd7 39. Rd4+ Kc7 40. Kg2 h6 41. Kf3 Kc6 42. Ke3 Rd5 43. h4 h5 44. Ke4 Rc5 45. Kd3 Rd5 46. c4 bxc4+ 47. Kxc4 Rc5+ 48. Kb4 (48. Kd3 $16) 48... Rb5+ 49. Kxa4 Rxb2 50. Rd6+ Kc7 51. f3 Rh2 52. Ra6 Kb7 53. Rd6 Kc7 54. Ra6 Kb7 55. Rd6 $19 Kc7 1/2-1/2

[Event "EYCC Girls U12 2018"]
[Site "Riga"]
[Date "2018.08.29"]
[Round "9"]
[White "Karacsonyi, Kata"]
[Black "Alekseenko, Mariya"]
[Result "0-1"]
[ECO "B03"]
[WhiteElo "1961"]
[BlackElo "1750"]
[Annotator "NA"]
[PlyCount "116"]
[EventDate "2018.08.20"]
[EventType "swiss"]
[EventCountry "LAT"]
[SourceTitle "playchess.com"]
[Source "ChessBase"]
[SourceQuality "1"]
[TimeControl "40/5400+30:1800+30"]

1. e4 Nf6 2. e5 Nd5 3. d4 d6 4. c4 Nb6 5. exd6 cxd6 6. Nc3 Nc6 7. Be3 g6 8. Rc1 Bg7 9. b3 O-O 10. d5 Ne5 11. Be2 Ned7 12. Qd2 {[%emt 0:07:53] B03: Alekhine's Defence: Four Pawns Attack} (12. Nf3 Nf6 13. h3 Bd7 14. Qd2 Re8 15. O-O a6 16. Rfd1 Nc8 17. b4 b6 18. Nd4 e5 19. dxe6 fxe6 {½-½ (113) Lie,K (2536)-Lie,E (2404) Hamar 2007}) 12... Re8 13. Nf3 Nf6 14. h3 $146 ({Predecessor:} 14. Bh6 Bh8 15. O-O Bg4 16. h3 Bxf3 17. Bxf3 Nbd7 18. Be4 Nh5 19. Be3 Ng7 {1-0 (32) Borowy,C (2027)-Kosny,M (1852) Warsaw 2018}) 14... e5 15. dxe6 Bxe6 16. O-O d5 17. c5 Nbd7 18. b4 Rc8 19. Bg5 a6 20. Rfd1 Nb8 21. Nd4 Qd7 22. Be3 Red8 23. Qc2 Qc7 24. a4 Re8 $16 25. Bf3 Rcd8 26. Qd2 Nc6 27. Bf4 Qd7 28. Nce2 Ne4 29. Qe3 Nxb4 30. Bxe4 dxe4 31. Nxe6 Qxe6 32. Bd6 Be5 33. Nd4 Qf6 34. Bxe5 Qxe5 35. Ne2 Nd3 36. Rc4 Nxc5 37. Rb1 b6 38. a5 Rd3 39. Qf4 b5 40. Rc2 Qd5 41. Qc1 Nb3 42. Qe1 Qd6 43. Ng3 f5 44. Rcb2 Nd2 45. Rc1 Nc4 46. Rbc2 Re7 47. Nf1 f4 48. Re2 Rd4 49. Nh2 e3 50. Nf3 Rd3 51. fxe3 fxe3 52. Qh4 Kg7 53. Rf1 Nd2 54. Nxd2 Rxd2 55. Rfe1 Rd4 56. Qg5 h6 57. Rxe3 hxg5 58. Rxe7+ Kf6 0-1

[Event "EYCC Girls U12 2018"]
[Site "Riga"]
[Date "2018.08.29"]
[Round "9"]
[White "Kozachenko, Maria"]
[Black "Gaal, Zsoka"]
[Result "1-0"]
[ECO "B04"]
[WhiteElo "1792"]
[BlackElo "2008"]
[Annotator "NA"]
[PlyCount "189"]
[EventDate "2018.08.20"]
[EventType "swiss"]
[EventCountry "LAT"]
[SourceTitle "playchess.com"]
[Source "ChessBase"]
[SourceQuality "1"]
[TimeControl "40/5400+30:1800+30"]

1. e4 Nf6 2. e5 Nd5 3. d4 d6 4. Nf3 g6 5. Be2 Bg7 6. h3 O-O 7. c4 Nb6 8. O-O Bf5 9. exd6 cxd6 10. Nc3 Nc6 {[%emt 0:06:21] LiveBook: 180 Games} 11. a3 {[%emt 0:02:20] B04: Alekhine's Defence: 4 Nf3} (11. Be3 d5 12. c5 Nc4 13. Bc1 b6 14. cxb6 axb6 15. Qb3 e6 16. Bxc4 Na5 17. Qd1 Nxc4 18. Qe2 h5 19. Bg5 f6 20. Bf4 g5 21. Bh2 Qd7 22. b3 Na3 {0-1 (57) Liang,A (2569)-Gareyev,T (2595) Middleton 2018}) 11... Re8 $146 ({Predecessor:} 11... a6 12. Be3 d5 13. g4 Be6 14. c5 Nc4 15. Bxc4 dxc4 16. d5 Bxc3 17. dxc6 Bxb2 18. cxb7 Bxa1 19. Qxa1 {0-1 (41) Lisnyak,V (2177)-Baidetsky,V (2391) Vinnytsia 2018}) 12. Be3 d5 13. c5 Nc4 14. b3 (14. Qb3 $11) 14... Nxe3 15. fxe3 e5 16. Bb5 e4 17. Ne1 Be6 18. Kh1 Qh4 19. Qd2 Bh6 20. Nc2 Rf8 21. Bxc6 bxc6 22. Qf2 Qh5 23. Ne2 Bd7 24. Nf4 Qg5 25. Kh2 f5 26. g3 Qe7 27. Qg2 Kh8 28. Rf2 Rf7 29. h4 Rg8 30. Qh3 Bc8 31. Rg1 Qc7 32. Kh1 Kg7 33. b4 Kf8 34. a4 Bxf4 35. gxf4 Ba6 36. Rfg2 Rfg7 37. Na3 Bd3 38. Qg3 Qd8 39. Qe1 a6 40. Qg3 Qe7 41. Nb1 Qd8 42. Rb2 h6 43. Qh3 Qd7 44. Nc3 Ke8 45. Rf2 Kd8 46. Nd1 Qb7 47. Rb2 Qd7 48. Rf2 Qe7 49. Nb2 Qe6 50. Kh2 Rb7 51. Nxd3 exd3 52. Rb2 Re8 53. Rg3 Rg8 54. Qg2 Qf6 55. Qh3 Ke8 56. Rgg2 Qe6 57. Rb3 Kf7 58. Rd2 Rgb8 59. Rdb2 Qe4 60. Kg1 d2 61. Rxd2 Rxb4 62. Rxb4 Rxb4 63. Kf2 Rb1 64. h5 Qe6 65. Re2 Kg7 66. Qg2 Kh7 67. hxg6+ Qxg6 68. Qxg6+ Kxg6 69. Ra2 Rb3 70. Kf3 h5 $2 {[%emt 0:00:52] [#]} (70... a5 $11 {and Black has nothing to worry.}) 71. Rg2+ $1 Kf6 {[%emt 0:00:18] [#]} 72. Rh2 $2 ({White should try} 72. Rg8 $1 $18) 72... Ra3 73. Rxh5 Kg6 74. Rh8 Rxa4 75. Rc8 a5 76. Rxc6+ Kf7 77. Rd6 Rc4 78. Rxd5 Ke6 79. Rd6+ Ke7 80. Ra6 a4 81. Ke2 Kd7 82. Kd3 Rb4 83. d5 Rb3+ 84. Kc4 Rxe3 85. Rxa4 Rf3 86. Kb5 Rb3+ 87. Rb4 Rd3 88. d6 Rd5 89. Ra4 Rd1 90. Ra7+ Ke6 91. Kc6 Rd4 92. Re7+ $2 (92. d7 Ke7 93. Kb6) 92... Kf6 93. Re1 Rxf4 94. d7 Rd4 95. Re8 1-0

[Event "EYCC Girls U12 2018"]
[Site "Riga"]
[Date "2018.08.29"]
[Round "9"]
[White "Anacoglu, Cisel"]
[Black "Shubenkova, Veronika"]
[Result "1-0"]
[ECO "C14"]
[WhiteElo "1734"]
[BlackElo "1700"]
[Annotator "NA"]
[PlyCount "143"]
[EventDate "2018.08.20"]
[EventType "swiss"]
[EventCountry "LAT"]
[SourceTitle "playchess.com"]
[Source "ChessBase"]
[SourceQuality "1"]
[TimeControl "40/5400+30:1800+30"]

1. e4 e6 2. d4 d5 3. Nc3 Nf6 4. Bg5 Be7 5. e5 Nfd7 6. Bxe7 Qxe7 7. f4 a6 8. Nf3 O-O 9. Qd2 c5 10. dxc5 Nxc5 11. O-O-O b5 12. Bd3 b4 13. Ne2 a5 14. Ned4 Nxd3+ 15. cxd3 Bd7 16. Kb1 Na6 17. g4 a4 18. f5 Rfc8 19. Qf4 a3 20. f6 Qf8 21. b3 Rc7 22. h4 Rac8 23. h5 Be8 24. g5 Nc5 25. g6 fxg6 26. Ng5 gxf6 27. Ngxe6 Nxe6 28. Nxe6 Rc2 29. Nxf8 Rb2+ 30. Ka1 Rcc2 31. Qd4 Rxa2+ 32. Kb1 Rcb2+ 33. Qxb2 Rxb2+ 34. Ka1 Kxf8 35. exf6 Rxb3 36. Rb1 Rxb1+ 37. Rxb1 gxh5 38. Rxb4 Kf7 39. Rf4 Bb5 40. Rf3 Bd7 41. Ka2 h4 42. Kxa3 h3 43. Rf2 h5 44. Kb4 d4 45. Kc5 Bc8 46. Kxd4 Bb7 47. Rh2 Kxf6 48. Rxh3 Kg5 49. Rg3+ Kf4 50. Rg7 Bf3 51. Rf7+ Kg3 52. Ke3 Bg4 53. Rf1 Bh3 54. Rf3+ Kg2 55. d4 Bg4 56. Rf2+ Kg3 57. Rf1 Kg2 58. Rf4 Kg3 59. d5 h4 60. Rxg4+ Kxg4 61. d6 h3 62. Kf2 Kf4 63. d7 Kg4 64. d8=Q h2 65. Kg2 Kf4 66. Qd5 h1=Q+ 67. Kxh1 Kg3 68. Qf5 Kh4 69. Qg6 Kh3 70. Kg1 Kh4 71. Kf2 Kh3 72. Qg3# 1-0

[Event "EYCC Girls U12 2018"]
[Site "Riga"]
[Date "2018.08.29"]
[Round "9"]
[White "Karmanova, Olga Dm"]
[Black "Tarasenka, Aliaksandra"]
[Result "1/2-1/2"]
[ECO "C91"]
[WhiteElo "1730"]
[BlackElo "1747"]
[Annotator "NA"]
[PlyCount "95"]
[EventDate "2018.08.20"]
[EventType "swiss"]
[EventCountry "LAT"]
[SourceTitle "playchess.com"]
[Source "ChessBase"]
[SourceQuality "1"]
[TimeControl "40/5400+30:1800+30"]

1. Nf3 Nc6 2. e4 e5 3. Bb5 a6 4. Ba4 Be7 5. c3 b5 6. Bb3 Nf6 7. O-O O-O 8. Re1 d6 9. d4 Bg4 10. Be3 Qd7 11. h3 Bh5 12. dxe5 Bxf3 13. Qxf3 Nxe5 14. Qe2 Rfe8 15. Nd2 Bf8 16. Bg5 Qe7 17. Rad1 h6 18. Bh4 g5 19. Bg3 Ng6 20. Bc2 Bg7 21. Nf3 Nh5 22. Nd4 Nhf4 23. Bxf4 Nxf4 24. Qf3 Bxd4 25. cxd4 Rad8 26. h4 c5 27. e5 cxd4 28. Qe4 d3 29. Bxd3 Nxd3 30. Rxd3 dxe5 31. Rde3 Kg7 32. hxg5 hxg5 33. Rh3 Rh8 34. Rxh8 Kxh8 35. Re3 Kg7 36. Qxe5+ Qxe5 37. Rxe5 Rd1+ 38. Kh2 Rd2 39. Rxg5+ Kf8 40. Rg3 Rxf2 41. Ra3 Rxb2 42. Rxa6 b4 43. Ra4 Kg7 44. Kg3 Kg6 45. Kf3 f6 46. g3 b3 47. axb3 Rxb3+ 48. Kg4 1/2-1/2

[Event "EYCC Girls U12 2018"]
[Site "Riga"]
[Date "2018.08.29"]
[Round "9"]
[White "Tsirekidze, Barbare"]
[Black "Bashylina, Luisa"]
[Result "0-1"]
[ECO "A00"]
[WhiteElo "1413"]
[BlackElo "1817"]
[Annotator "NA"]
[PlyCount "136"]
[EventDate "2018.08.20"]
[EventType "swiss"]
[EventCountry "LAT"]
[SourceTitle "playchess.com"]
[Source "ChessBase"]
[SourceQuality "1"]
[TimeControl "40/5400+30:1800+30"]

1. e3 d6 2. b3 Nf6 3. Bb2 g6 4. Nf3 Bg7 5. Be2 O-O 6. O-O e5 7. d4 {[%emt 0:03:06] A05: Réti Opening: 1 Nf3 Nf6} Nfd7 8. c4 (8. Nbd2 Nc6 9. Re1 Qe7 10. d5 Nd8 11. c4 f5 12. b4 g5 13. Nb3 Nf7 14. Qc2 {0-1 (32) Urbanc,P (2290)-Pichot,A (2568) Tarvisio 2017}) 8... Nc6 9. Qd2 $146 ({Predecessor:} 9. Nc3 f5 10. dxe5 dxe5 11. Qd2 e4 12. Nd4 Nde5 13. Nd5 Qg5 14. Kh1 Nxd4 15. Bxd4 {0-1 (33) Mroweh,H (2095)-Sergeyeva,M (2317) Dubai 2008}) 9... f5 10. dxe5 dxe5 11. Rd1 g5 (11... Re8 $11) 12. Nc3 e4 13. Ne1 Nce5 14. Ba3 Re8 15. Bh5 Nf7 16. Bxf7+ Kxf7 17. Qd5+ Kg6 18. Bb2 Qe7 19. Qd2 Nb6 20. Rac1 Be6 21. Qe2 Rad8 22. Nc2 c6 23. h3 Nd7 24. Ne1 Ne5 25. f3 exf3 26. Nxf3 Nxf3+ 27. Qxf3 Bc8 28. Rxd8 Rxd8 29. Rc2 Rd3 30. Nd1 f4 31. Bxg7 Kxg7 32. Rc3 fxe3 33. Nxe3 Rxc3 34. Nf5+ Bxf5 35. Qxc3+ Qf6 36. Qd2 Kg6 37. Qf2 a6 38. Qe2 Qe6 39. Qd2 Qd7 40. Qc3 c5 41. Qe1 Qd4+ 42. Kh2 Kf7 43. Qa5 Qe5+ 44. Kh1 Be4 45. Qd2 Qf5 46. Kg1 Bd3 47. Qd1 Kg6 48. Qe1 Qf7 49. a3 b5 50. Qa5 bxc4 51. bxc4 Qxc4 52. Qb6+ Kf5 53. Qc6 Qd4+ 54. Kh2 Bc4 55. Qc8+ Ke4 56. Qg4+ Kd3 57. Qxg5 Bd5 58. Qc1 Qe5+ 59. Kh1 Qe2 60. Qg5 Qxg2+ 61. Qxg2 Bxg2+ 62. Kxg2 c4 63. Kg3 c3 64. Kg4 c2 65. Kh5 c1=Q 66. h4 Qf4 67. a4 Qf5+ 68. Kh6 Qg6# 0-1